 Dungeon Crawl Stone Soup version 0.19-a0-1341-g3513869 (webtiles) character file.

4137 Gruud the Grappler (level 10, -14/67 HPs)
             Began as a Demonspawn Gladiator on Sept 1, 2016.
             Was a High Priest of Okawaru (penitent).
             Demolished by an orc knight
             ... wielding a +0 dire flail
             ... created by the fury of Okawaru
              (18 damage)
             ... on level 8 of the Dungeon.
             The game lasted 00:24:12 (7088 turns).

Gruud the Grappler (Demonspawn Gladiator)           Turns: 7088, Time: 00:24:13

Health: -14/67     AC: 10    Str: 16    XL:     10   Next: 7%
Magic:  16/16      EV: 19    Int: 12    God:    Okawaru [*]
Gold:   285        SH:  0    Dex: 14    Spells: 0 memorised, 9 levels left

rFire  . . .     SeeInvis .       - Unarmed
rCold  . . .     Gourm    +     K - +2 ring mail {rPois}
rNeg   . . .     Faith    .     (no shield)
rPois  +         Spirit   .     c - +0 helmet
rElec  .         Dismiss  .     l - +0 cloak
rCorr  .         Reflect  .     (no gloves)
MR     +....     Harm     .     o - +0 pair of boots
Stlth  +.........               O - amulet of the gourmand
                                I - +4 ring of evasion
                                v - ring of protection from magic

@: about to teleport
A: claws 2, demonic guardian 1, spiny 2, sturdy frame 2
a: Renounce Religion


You were on level 8 of the Dungeon.
You worshipped Okawaru.
Okawaru was demanding penance.
You were full.

You visited 2 branches of the dungeon, and saw 10 of its levels.

You collected 285 gold pieces.

Inventory:

Hand Weapons
 a - a +0 long sword
 q - a +1 short sword of venom
Missiles
 G - 5 javelins (quivered)
 L - 5 poisoned tomahawks
Armour
 c - a +0 helmet (worn)
 e - a +0 pair of gloves
 k - a +0 plate armour
 l - a +0 cloak (worn)
 n - a +0 buckler
 o - a +0 pair of boots (worn)
 K - a +2 ring mail of poison resistance (worn)
Jewellery
 t - an uncursed ring of ice
 v - a ring of protection from magic (left claw)
 w - an uncursed ring of stealth
 I - a +4 ring of evasion (right claw)
 M - an uncursed ring of protection from magic
 O - an amulet of the gourmand (around neck)
Wands
 B - a wand of paralysis (17/24)
 F - a wand of flame (4/48)
 N - a wand of iceblast (3/15)
Scrolls
 h - 2 scrolls of identify
 i - a scroll of enchant weapon {unknown}
 j - 5 scrolls of remove curse
 m - 4 scrolls of noise
 s - a scroll of amnesia
 D - a scroll of fog
Potions
 p - a potion of heal wounds
 r - 3 potions of curing
 A - a potion of flight
 E - a potion of mutation
 J - 2 potions of cure mutation
Books
 H - a book of Summonings

   Spells                             Type                      Level
   a - Recall                         Summoning/Translocation      3
   b - Aura of Abjuration             Summoning                    5
   c - Summon Demon                   Summoning                    5
   d - Summon Forest                  Summoning/Translocation      5
   e - Summon Mana Viper              Hexes/Summoning              5
   f - Shadow Creatures               Summoning                    6
Comestibles
 f - 3 bread rations
 g - 2 slices of pizza
 u - 4 royal jellies
 z - 2 beef jerkies
 C - 6 meat rations


   Skills:
 - Level 2.0 Fighting
 - Level 4.4 Long Blades
 - Level 1.7 Throwing
 + Level 6.3 Dodging
 * Level 9.8 Unarmed Combat
 + Level 8.4 Invocations


You had 9 spell levels left.
You didn't know any spells.

Dungeon Overview and Level Annotations

Branches:
Dungeon (9/15)             Temple (1/1) D:4
   Lair: D:8-11         Orc: D:9-12

Altars:
Ashenzari
Cheibriados
Dithmenos
Elyvilon
Fedhas
Gozag
Hepliaklqana
Kikubaaqudgha
Makhleb
Nemelex Xobeh
Okawaru
Qazlal
Ru
Sif Muna
Trog
Uskayaw
Vehumet
Xom
Yredelemnul
Zin
The Shining One

Annotations:
D:5 Menkaure; azzavlup's ghost, novice VSFi
D:9 lost's ghost, novice HEFi


Innate Abilities, Weirdness & Mutations

You have very sharp fingernails.
A weak demonic guardian rushes to your aid.
You are mostly covered in sharp spines.
Your movements are less encumbered by armour. (ER -4)


Message History

The deep elf knight points at you and mumbles some strange words.
The stone arrow hits you!
* * * LOW HITPOINT WARNING * * *
Unknown command.
Okay, then.
Your quasit completely misses the deep elf knight.
Your quasit claws the deep elf knight.
Your quasit barely misses the deep elf knight.
The orc completely misses you. The orc wizard casts a spell at you.
The magic dart hits your quasit.
The deep elf knight is struck by your spines.
The deep elf knight hits you with a short sword.
* * * LOW HITPOINT WARNING * * *
The orc warrior misses you. The orc misses you.
Your quasit misses the orc wizard.
Your quasit closely misses the orc wizard.
Your quasit claws the orc wizard but does no damage.
The orc knight hits you with a dire flail!!
You die...

......#.......# #.#.....#####.
##.#######.#### #.............
...# #...# #............. .###
#...# #.......###### .# #...#
#.#...#.# .# #...# #.......######
.########...###### ####.####.....
..##.........oeoo#####...........
.............ooo@e......#........
..##.........ooe5o##.#..#>##.....
..#######...#####o##......##.....
..# #..>#####e####..####.####
..### #.........####..####.#
....# #........ยง...........#
..#.# #........###.#########
..#.# ##.......# #.# ## ..#.##
#.......# #.######## #.


You could see an orc knight, 2 deep elf knights, 2 deep elf magi, 4 orc
warriors, an orc wizard, 4 orcs and a friendly quasit.

Vanquished Creatures
  An unseen horror (D:8)
  Sigmund (D:4)
  4 yaks (D:9)
  Duvessa (D:7)
  3 orc warriors
  A phantom (D:4)
  2 ice beasts
  A black bear (D:8)
  A sky beast (D:8)
  An ogre (D:9)
  2 centaurs
  A giant frog (D:7)
  Dowan (D:7)
  2 scorpions
  4 killer bees (D:7)
  3 wights (D:8)
  2 howler monkeys (D:4)
  2 crimson imps
  5 hounds
  2 centaur zombies
  4 orc priests
  3 orc wizards
  A centaur skeleton (D:7)
  A giant frog skeleton (D:7)
  2 jellies (D:6)
  An iguana (D:6)
  4 worker ants
  A worker ant zombie (D:8)
  5 adders
  2 oozes
  2 adder skeletons
  3 worms
  9 giant geckos
  18 orcs
  3 ball pythons
  9 bats
  5 giant cockroaches
  9 goblins
  9 hobgoblins
  15 jackals
  6 kobolds
  4 quokkas
  A giant cockroach zombie (D:6)
  5 giant newts
  2 quokka zombies
  9 rats
173 creatures vanquished.

Vanquished Creatures (collateral kills)
  A phantom (D:8)
  An orc warrior (D:7)
  An adder (D:4)
  2 giant geckos
  An orc (D:7)
  A giant newt (D:4)
7 creatures vanquished.

Grand Total: 180 creatures vanquished

Notes
Turn   | Place    | Note
-------+----------+-------------------------------------------
     0 | D:1      | Gruud the Demonspawn Gladiator began the quest for the Orb.
     0 | D:1      | Reached XP level 1. HP: 16/16 MP: 1/1
   325 | D:1      | Gained mutation: Your movements are slightly less encumbered by armour. (ER -2) [demonic ancestry]
   325 | D:1      | Reached XP level 2. HP: 19/22 MP: 2/2
  1027 | D:2      | Reached XP level 3. HP: 27/27 MP: 3/3
  1595 | D:2      | Gained mutation: You have sharp fingernails. [demonic ancestry]
  1595 | D:2      | Reached XP level 4. HP: 30/33 MP: 4/4
  1988 | D:3      | Reached skill level 1 in Unarmed Combat
  2170 | D:3      | Found a glowing silver altar of Zin.
  2171 | D:3      | Found a hazy altar of Hepliaklqana.
  2498 | D:3      | Reached skill level 2 in Unarmed Combat
  2822 | D:4      | Gained mutation: A weak demonic guardian rushes to your aid. [demonic ancestry]
  2822 | D:4      | Reached XP level 5. HP: 34/38 MP: 5/5
  2842 | D:4      | Found a staircase to the Ecumenical Temple.
  2852 | Temple   | Entered the Ecumenical Temple
  2924 | Temple   | Became a worshipper of Warmaster Okawaru
  2992 | D:4      | Noticed Sigmund
  3018 | D:4      | Reached skill level 3 in Unarmed Combat
  3070 | D:4      | Killed Sigmund
  3070 | D:4      | Reached * piety under Okawaru
  3070 | D:4      | Reached skill level 4 in Unarmed Combat
  3070 | D:4      | Gained mutation: You are partially covered in sharp spines. [demonic ancestry]
  3070 | D:4      | Reached XP level 6. HP: 24/44 MP: 6/6
  3123 | D:4      | Reached skill level 5 in Unarmed Combat
  3123 | D:4      | Reached skill level 1 in Invocations
  3309 | D:4      | Gained mutation: You have very sharp fingernails. [demonic ancestry]
  3309 | D:4      | Reached XP level 7. HP: 50/50 MP: 6/8
  3582 | D:5      | Entered Level 5 of the Dungeon
  3714 | D:5      | Noticed azzavlup's ghost (novice VSFi)
  3804 | D:6      | Reached ** piety under Okawaru
  4125 | D:5      | Noticed Menkaure
  4218 | D:6      | Reached skill level 6 in Unarmed Combat
  4224 | D:6      | Found a sacrificial altar of Ru.
  5041 | D:7      | Reached XP level 8. HP: 43/56 MP: 11/11
  5339 | D:7      | Reached skill level 7 in Unarmed Combat
  5483 | D:7      | Reached *** piety under Okawaru
  5509 | D:7      | Reached skill level 5 in Invocations
  5533 | D:7      | Noticed Dowan
  5534 | D:7      | Noticed Duvessa
  5547 | D:7      | Killed Duvessa
  5551 | D:7      | Killed Dowan
  5941 | D:7      | Found an ancient bone altar of Kikubaaqudgha.
  6050 | D:7      | Reached skill level 8 in Unarmed Combat
  6057 | D:7      | Gained mutation: Your movements are less encumbered by armour. (ER -4) [demonic ancestry]
  6057 | D:7      | Reached XP level 9. HP: 53/61 MP: 13/13
  6151 | D:8      | Received a gift from Okawaru
  6160 | D:8      | Reached **** piety under Okawaru
  6160 | D:8      | Reached skill level 5 in Dodging
  6338 | D:8      | Killed an unseen horror
  6338 | D:8      | Reached ***** piety under Okawaru
  6338 | D:8      | Reached skill level 9 in Unarmed Combat
  6900 | D:9      | Gained mutation: You are mostly covered in sharp spines. [demonic ancestry]
  6900 | D:9      | Reached XP level 10. HP: 53/67 MP: 14/16
  6920 | D:9      | Noticed lost's ghost (novice HEFi)
  6956 | D:9      | Was placed under penance by Okawaru
  7085 | D:8      | Noticed a deep elf knight
  7085 | D:8      | Noticed a deep elf knight
  7085 | D:8      | Noticed a deep elf mage
  7085 | D:8      | Noticed a deep elf mage
  7085 | D:8      | Noticed an orc knight
  7088 | D:8      | Demolished by an orc knight

Vault maps used:
D:1:      dpeg_arrival_snail, grunt_decor_mini_mirrors
D:2:      minmay_wonky_spiral, first_bread, serial_glass, glass_columns_a,
          glass_columns_b, glass_columns_a, glass_columns_b, glass_columns_a,
          glass_columns_b, glass_columns_a, glass_columns_a, glass_columns_b,
          glass_columns_a, feat_on_display, grunt_decor_cap
D:3:      gammafunk_temple_overflow_statue, kennysheep_generic_room_2
D:4:      grunt_decor_arrowhead, uniq_sigmund
D:5:      serial_shops, shop, uniq_menkaure
D:6:      nicolae_ru_awakened_eye
D:7:      marbit_many_paths, uniq_duvessa
D:9:      lair_0_dummy, uniq_maurice
Temple:   compressed_dpeg_circular_temple

Skill      XL: |  1  2  3  4  5  6  7  8  9 |
---------------+----------------------------+-----
Long Blades    | 3 4 |  4.4
Unarmed Combat | 2 4 5 6 8 9 |  9.8
Invocations    | 1 4 6 8 |  8.4
Dodging        | 3 4 6 |  6.3
Fighting       | |  2.0
Throwing       | |  1.7

Action                   |  1- 3 |  4- 6 |  7- 9 | 10-12 || total
-------------------------+-------+-------+-------+-------++-------
Melee: Long sword        |   124 |   119 |       |       ||   243
       Punch             |       |     2 |     6 |     2 ||    10
       Unarmed           |       |    14 |   250 |    31 ||   295
Throw: Throwing net      |     3 |     3 |       |     2 ||     8
Invok: Heroism           |       |       |     2 |       ||     2
Evoke: Wand              |       |       |    17 |       ||    17
  Use: Scroll            |     3 |     6 |     5 |     1 ||    15
       Potion            |       |     1 |     1 |     1 ||     3
 Stab: Sleeping          |       |     3 |     1 |       ||     4
       Distracted        |       |     1 |       |       ||     1
       Paralysed         |       |       |    13 |       ||    13
  Eat: Chunk             |     2 |     6 |    10 |    13 ||    31
       Beef jerky        |       |       |     1 |       ||     1
Armor: Leather armour    |    29 |    36 |       |       ||    65
       Ring mail         |       |     2 |    45 |     5 ||    52
Dodge: Dodged            |    72 |    63 |   147 |    16 ||   298
